 Dungeon Crawl Stone Soup version 0.19.1-1-g22dce08 (webtiles) character file.

8656 Alarkh the Cleaver (level 11, -6/80 HPs)
             Began as a Demonspawn Monk on Jan 3, 2017.
             Was a High Priest of Okawaru.
             Mangled by a worm (11 damage)
             ... on level 3 of the Dungeon.
             The game lasted 00:19:05 (11390 turns).

Alarkh the Cleaver (Demonspawn Monk)               Turns: 11390, Time: 00:19:06

Health: -6/80      AC:  4    Str: 16    XL:     11   Next: 12%
Magic:  11/11      EV: 14    Int: 14    God:    Okawaru [*****.]
Gold:   413        SH:  0    Dex: 17    Spells: 0 memorised, 10 levels left

rFire  . . .     SeeInvis .     (no weapon)
rCold  . . .     Gourm    .     (no armour)
rNeg   . . .     Faith    .     (no shield)
rPois  .         Spirit   .     (no helmet)
rElec  .         Reflect  .     (no cloak)
rCorr  .         Harm     .     (no gloves)
MR     .....                    (no boots)
Stlth  ++........               (no amulet)
                                M - +3 ring of protection (curse)
                                l - +5 ring of strength

@: no status effects
A: claws 2, rugged brown scales 1, demonic guardian 1
a: Heroism, Finesse, Renounce Religion


You were on level 3 of the Dungeon.
You worshipped Okawaru.
Okawaru was extremely pleased with you.
You were not hungry.

You visited 3 branches of the dungeon, and saw 15 of its levels.

You collected 413 gold pieces.

Inventory:

Armour
 j - cursed +0 ice dragon scales
 k - a +2 pair of boots
 m - a +0 ring mail
 p - a +0 pair of gloves
 A - the +1 scale mail of Tender Moments {MR+}
   (Okawaru gifted it to you on level 1 of the Lair of Beasts)

   It affects your resistance to hostile enchantments.
 L - a +1 cloak
Magical Staves
 b - an uncursed staff of energy
 y - an uncursed staff of wizardry
Jewellery
 l - a +5 ring of strength (left claw)
 o - an uncursed ring of teleportation
 M - a cursed +3 ring of protection (right claw)
Wands
 F - a wand of slowing (34/48)
 G - a wand of acid (6/15)
 H - a wand of paralysis (11/24)
 I - a wand of iceblast (7/15)
 K - a wand of lightning (4/15)
Scrolls
 e - a scroll of identify
 h - 3 scrolls of fog
 n - 3 scrolls of immolation
 q - a scroll of magic mapping
 v - 3 scrolls of remove curse
 w - 2 scrolls of random uselessness
 x - 2 scrolls of amnesia
 C - a scroll of summoning {unknown}
 P - a scroll of acquirement {unknown}
Potions
 f - 4 potions of curing
 g - a potion of mutation
 i - a potion of flight
Books
 B - a book of Clouds

   Spells                             Type                      Level
   a - Mephitic Cloud                 Conjuration/Poison/Air       3
   b - Conjure Flame                  Conjuration/Fire             3
   c - Poisonous Cloud                Conjuration/Poison/Air       6
   d - Freezing Cloud                 Conjuration/Ice/Air          6
   e - Ring of Flames                 Charms/Fire                  7
Miscellaneous
 z - a phantom mirror
Comestibles
 c - 9 bread rations
 r - 2 beef jerkies
 t - 4 meat rations
 u - 10 fruits
 J - a royal jelly


   Skills:
 + Level 4.5 Fighting
   Level 14.4 Axes
 + Level 3.0 Armour
 + Level 4.1 Dodging
 - Level 1.7 Stealth


You had 10 spell levels left.
You didn't know any spells.

Dungeon Overview and Level Annotations

Branches:
Dungeon (11/15)            Temple (1/1) D:6            Lair (3/6) D:9
  Swamp: Lair:2-4    Shoals: Lair:2-4     Snake: Lair:2-4    Spider: Lair:2-4
    Orc: D:9-12

Altars:
Ashenzari
Cheibriados
Dithmenos
Elyvilon
Fedhas
Gozag
Kikubaaqudgha
Makhleb
Nemelex Xobeh
Okawaru
Qazlal
Ru
Sif Muna
Trog
Uskayaw
Vehumet
Xom
Yredelemnul
Zin
The Shining One

Annotations:
D:9 exclusions: lindwurm and 4 more exclusions


Innate Abilities, Weirdness & Mutations

You have very sharp fingernails.
You are partially covered in rugged brown scales. (AC +1, +3% HP)
A weak demonic guardian rushes to your aid.


Message History

* * * LOW HITPOINT WARNING * * *
The worm bites you but does no damage. The worm barely misses you.
The worm misses you. The worm closely misses you. The worm bites you.
* * * LOW HITPOINT WARNING * * *
The worm bites you.
* * * LOW HITPOINT WARNING * * *
The worm closely misses you. The worm misses you. The worm misses you.
The worm bites you but does no damage. The worm misses you. The worm bites you.
* * * LOW HITPOINT WARNING * * *
The worm bites you.
* * * LOW HITPOINT WARNING * * *
The worm bites you!
You die...

..................#..............
..................#..............
###...............#..............
#.#...............#..............
#.#.......###.....#..............
#...........'.)...#..............
..#.#......##..)..#..............
...........##..w..#.[............
............+...@..........##..##
...##......##..............##..#
...######.###.......(......##..#
............#......((.....(##..#
#..###......#..............+...#
#..###......#.............<##..#
....##......#####.>........##..#
....##.....#...###.........##.###
....##.....................##....


You could see a worm.

Vanquished Creatures
  2 centaur skeletons
  5 spiny frogs (Lair:1)
  A two-headed ogre (D:9)
  2 blink frogs (Lair:1)
  A wyvern (D:9)
  18 yaks
  2 water moccasins (Lair:1)
  5 porcupines
  2 orc warriors
  An ice beast (D:7)
  A necrophage (D:4)
  2 phantoms (D:5)
  2 ogres
  6 crocodiles
  5 bullfrogs
  A scorpion (D:6)
  4 crimson imps
  A bullfrog skeleton (D:5)
  2 centaur zombies
  A hound (D:6)
  An orc priest (D:6)
  A jelly (D:9)
  2 iguanas
  3 orc wizards
  4 worker ants
  A howler monkey zombie (D:8)
  A worker ant zombie (D:6)
  10 gnolls
  8 adders
  3 river rats (D:9)
  3 shadow imps
  An adder zombie (D:6)
  An adder skeleton (D:5)
  6 worms
  4 leopard geckos
  13 orcs
  4 ball pythons
  6 bats
  3 giant cockroaches
  8 goblins
  4 hobgoblins
  7 jackals
  8 quokkas
  5 frilled lizards
  2 jackal skeletons
  A jackal zombie (D:6)
  9 kobolds
  2 leopard gecko skeletons
  8 rats
193 creatures vanquished.

Vanquished Creatures (collateral kills)
  The ghost of Alarkh the Cleaver, a novice DsMo of Okawaru (D:5)
  Prince Ribbit (Lair:1)
  A blink frog (Lair:1)
  2 yaks
  A phantom (D:6)
  A crocodile (Lair:1)
  A bullfrog (D:5)
  A howler monkey (D:5)
  An orc wizard (D:6)
  4 gnolls
  3 orcs
  A quokka skeleton (D:5)
18 creatures vanquished.

Grand Total: 211 creatures vanquished

Notes
Turn   | Place    | Note
-------+----------+-------------------------------------------
     0 | D:1      | Alarkh the Demonspawn Monk began the quest for the Orb.
     0 | D:1      | Reached XP level 1. HP: 18/18 MP: 1/1
   346 | D:1      | Reached skill level 3 in Axes
   392 | D:1      | Gained mutation: You are partially covered in rugged brown scales. (AC +1, +3% HP) [demonic ancestry]
   392 | D:1      | Reached XP level 2. HP: 14/24 MP: 2/2
  1407 | D:2      | Gained mutation: A weak demonic guardian rushes to your aid. [demonic ancestry]
  1407 | D:2      | Reached XP level 3. HP: 16/29 MP: 3/3
  1489 | D:2      | Found a bloodstained altar of Trog.
  1567 | D:2      | Reached skill level 4 in Axes
  1724 | D:2      | Found a glowing silver altar of Zin.
  2145 | D:3      | Reached XP level 4. HP: 36/36 MP: 4/4
  2991 | D:3      | Reached skill level 5 in Axes
  3264 | D:4      | Reached XP level 5. HP: 42/42 MP: 1/5
  3677 | D:4      | Noticed a necrophage
  3702 | D:4      | Killed a necrophage
  3702 | D:4      | Reached skill level 6 in Axes
  3731 | D:5      | Entered Level 5 of the Dungeon
  3785 | D:5      | Noticed a phantom
  3804 | D:5      | Killed a phantom
  3804 | D:5      | Gained mutation: You have sharp fingernails. [demonic ancestry]
  3804 | D:5      | Reached XP level 6. HP: 29/48 MP: 2/6
  3823 | D:5      | Found an iron altar of Okawaru.
  3834 | D:5      | Became a worshipper of Warmaster Okawaru
  3834 | D:5      | Reached * piety under Okawaru
  3834 | D:5      | Reached ** piety under Okawaru
  3857 | D:5      | Noticed an orc warrior
  3882 | D:5      | Found a shattered altar of Ashenzari.
  4220 | D:5      | Reached skill level 7 in Axes
  4247 | D:5      | Reached XP level 7. HP: 50/53 MP: 2/7
  4280 | D:5      | Noticed Alarkh's ghost (novice DsMo)
  4665 | D:5      | Found a shimmering altar of Xom.
  4665 | D:5      | Found a shimmering altar of Xom.
  4790 | D:5      | Found a deep blue altar of Sif Muna.
  4841 | D:5      | Found a shimmering altar of Xom.
  4851 | D:5      | Found a shimmering altar of Xom.
  4852 | D:5      | Found a shimmering altar of Xom.
  5063 | D:5      | Reached skill level 8 in Axes
  5099 | D:5      | Killed Alarkh's ghost
  5099 | D:5      | Reached skill level 9 in Axes
  5099 | D:5      | Reached XP level 8. HP: 35/59 MP: 1/8
  5437 | D:6      | Found a burning altar of Makhleb.
  5470 | D:6      | Found a staircase to the Ecumenical Temple.
  5534 | Temple   | Entered the Ecumenical Temple
  6001 | D:6      | Reached *** piety under Okawaru
  6267 | D:6      | Reached skill level 10 in Axes
  6758 | D:7      | Found a basalt altar of Yredelemnul.
  7016 | D:7      | Reached skill level 11 in Axes
  7125 | D:7      | Reached XP level 9. HP: 42/64 MP: 9/9
  7467 | D:8      | Reached **** piety under Okawaru
  7497 | D:8      | Noticed a hand axe
  7497 | D:8      | Noticed a dagger
  7498 | D:8      | Found a hide-covered altar of Uskayaw.
  7885 | D:8      | You fall through a shaft for 3 floors!
  7898 | D:10     | Entered Level 10 of the Dungeon
  8099 | D:9      | Reached skill level 12 in Axes
  8171 | D:9      | Found a staircase to the Lair.
  8186 | D:9      | Reached ***** piety under Okawaru
  8582 | D:9      | Found a glowing golden altar of the Shining One.
  8704 | D:9      | Received a gift from Okawaru
  8704 | D:9      | Reached skill level 13 in Axes
  8722 | D:9      | Found a radiant altar of Vehumet.
  8800 | D:9      | Reached XP level 10. HP: 60/72 MP: 10/10
  8897 | D:9      | Noticed a lindwurm
  8898 | D:9      | Noticed a lindwurm
  8963 | Lair:1   | Entered Level 1 of the Lair of Beasts
  8963 | Lair:1   | Noticed a spiny frog
  8963 | Lair:1   | Noticed a spiny frog
  8991 | Lair:1   | Killed a spiny frog
  9001 | Lair:1   | HP: 4/108 [yak (5)]
  9435 | Lair:1   | Killed a spiny frog
  9435 | Lair:1   | Reached skill level 14 in Axes
  9435 | Lair:1   | Reached skill level 1 in Armour
  9588 | Lair:1   | Noticed a spiny frog
  9600 | Lair:1   | Received a gift from Okawaru
  9602 | Lair:1   | Got an encrusted scale mail {god gift}
  9604 | Lair:1   | Noticed Prince Ribbit
  9878 | Lair:1   | Identified the +1 scale mail of Tender Moments {MR+} (Okawaru gifted it to you on level 1 of the Lair of Beasts)
  9899 | Lair:1   | Noticed a spiny frog
  9908 | Lair:1   | Killed a spiny frog
  9917 | Lair:1   | Killed a spiny frog
 10172 | Lair:1   | Noticed a spiny frog
 10186 | Lair:1   | Killed a spiny frog
 10186 | Lair:1   | Gained mutation: You have very sharp fingernails. [demonic ancestry]
 10186 | Lair:1   | Reached XP level 11. HP: 24/79 MP: 9/11
 10269 | Lair:1   | Killed Prince Ribbit
 11390 | D:3      | Mangled by a worm

Skill      XL: |  1  2  3  4  5  6  7  8  9 10 11 |
---------------+----------------------------------+-----
Axes           | 3 4 5 6 7 9 11 13 14 | 14.4
Armour         | 2 3 |  3.0
Dodging        | 3 4 |  4.1
Fighting       | 4 |  4.5
Stealth        | |  1.7

Action                   |  1- 3 |  4- 6 |  7- 9 | 10-12 || total
-------------------------+-------+-------+-------+-------++-------
Melee: Hand axe          |   160 |   201 |   166 |       ||   527
       War axe           |       |       |   201 |   163 ||   364
       Punch             |       |       |     3 |       ||     3
Invok: Heroism           |       |       |     5 |     9 ||    14
  Use: Scroll            |       |    11 |     5 |     6 ||    22
       Potion            |       |     1 |     3 |     9 ||    13
 Stab: Sleeping          |     3 |     2 |     2 |       ||     7
       Distracted        |       |       |     2 |     1 ||     3
       Invisible         |       |       |       |    23 ||    23
  Eat: Chunk             |     4 |     7 |    15 |     8 ||    34
Armor: Robe              |    44 |    16 |       |       ||    60
       Ring mail         |       |    54 |   100 |     9 ||   163
       Skin              |       |       |    21 |    62 ||    83
       Scale mail        |       |       |       |    52 ||    52
Dodge: Dodged            |   101 |   132 |   171 |   122 ||   526
